 Dungeon Crawl Stone Soup version 0.27-a0-334-g52645efa06 (webtiles) character file.

Game seed: 16604753728438395723

83 mobtown the Grave Robber (level 4, -6/24 HPs)
             Began as a Deep Elf Necromancer on Feb 9, 2021.
             Killed from afar by Natasha (8 damage)
             ... with a magic dart
             ... on level 2 of the Dungeon on Feb 14, 2021.
             The game lasted 00:09:08 (2761 turns).

mobtown the Grave Robber (Deep Elf Necromancer)     Turns: 2761, Time: 00:09:09

Health: -6/24      AC:  2    Str:  5    XL:     4   Next: 22%
Magic:  12/12      EV: 13    Int: 21    God:
Gold:   127        SH:  0    Dex: 15    Spells: 6/11 levels left

rFire    . . .     SeeInvis .   h - +0 dagger
rCold    . . .     Faith    .   (no shield)
rNeg     . . .     Spirit   .   a - +0 robe
rPois    .         Reflect  .   (no helmet)
rElec    .         Harm     .   (no cloak)
rCorr    .         Rampage  .   (no gloves)
Will     +....                  (no boots)
Stlth    ++........             (no amulet)
HPRegen  0.08/turn              n - ring of willpower
MPRegen  0.13/turn              (no ring)

@: no status effects
A: no striking features
a: no special abilities


You were on level 2 of the Dungeon.
You visited 1 branch of the dungeon, and saw 2 of its levels.

You collected 127 gold pieces.

Inventory:

Hand Weapons
 h - a +0 dagger (weapon)
Missiles
 o - 42 stones
Armour
 a - a +0 robe (worn)
Jewellery
 l - a ring of fire
 n - a ring of willpower (left hand)
Scrolls
 b - 2 scrolls of teleportation {unknown}
 d - 2 scrolls of fear {unknown}
 e - 4 scrolls of identify {unknown}
 g - a scroll of enchant armour {unknown}
 i - a scroll of enchant weapon {unknown}
 k - 2 scrolls of magic mapping {unknown}
 m - 2 scrolls of random uselessness {unknown}
Potions
 c - a potion of curing
 f - 3 potions of lignification {unknown}
 j - a potion of attraction {unknown}
 p - a potion of mutation {unknown}
 q - 2 potions of degeneration {unknown}
 r - 2 potions of haste {unknown}


   Skills:
 + Level 2.7 Dodging
 + Level 2.5 Stealth
 + Level 4.2 Spellcasting
 * Level 6.1 Necromancy


You had 6 spell levels left.
You knew the following spells:

 Your Spells              Type           Power        Failure   Level
a - Pain                  Necr           100%         1%          1
b - Animate Skeleton      Necr           60%          1%          1
c - Vampiric Draining     Necr           15%          2%          3

Your spell library contained the following spells:

 Spells                   Type           Power        Failure   Level
 Animate Dead             Necr           15%          10%         4
 Agony                    Necr           30%          26%         5


Dungeon Overview and Level Annotations

Branches:
Dungeon (2/15)

Altars:
Yredelemnul

Annotations:
D:2 Natasha


Message History

Casting: Pain (safe; 1% risk of failure)
Confirm with . or Enter, or press ? or * to list all spells.
Aiming: Pain (safe; 1% risk of failure)
Press: ? - help, Shift-Dir - straight line, f - bat
Aim: a bat (chance to affect: 93%)
The bat writhes in agony.
You kill the bat!
You now have 127 gold pieces (gained 16).
r - 2 sedimented emerald potions You see here a +0 club.
There is a stone staircase leading down here.
Done exploring.
Done exploring.
Natasha, Servant of Life and Death comes into view.
Natasha moves out of view.
Natasha hisses angrily.
Natasha stares at you and mumbles some strange words.
The magic dart hits you. Natasha closely misses you.
You miss Natasha. Natasha claws you but does no damage.
You hit Natasha but do no damage. Natasha misses you.
You closely miss Natasha. Natasha claws you.
You completely miss Natasha. Natasha claws you!
* * * LOW HITPOINT WARNING * * *
You hit Natasha.
Natasha is lightly wounded.
Natasha claws you but does no damage.
You barely miss Natasha.
Natasha is lightly wounded.
Natasha closely misses you.
You hit Natasha but do no damage.
Natasha is lightly wounded.
Natasha stares at you and mumbles some strange words.
The magic dart hits you.
* * * LOW HITPOINT WARNING * * *
You hit Natasha.
Natasha is moderately wounded.
Natasha casts a spell at you. The magic dart hits you!
You die...

....### #.# #....#.............
......###.# ###.##...####..####
###.....#.# #..##.#.#####..#
#.......#### #.###.....# #..#
#^#........###.###.....###..#
###.#..............#.....##...##
<##.####....#....#.#.....##....#
.##.# ##.#.###..#..........##.##
.##.# #.#...#.@##..#####.......
.##.# #.###...h...######.##.##.
.##.# #.# #....##.....##.##....
..).# ##.# #....##..##....#.....
.#..####..#
#................####
.#####...##
#.................##. .# #.###
#........#........##. ## ##.#
#....#.#...........รท.
#..######.####.#............#


You could see Natasha.

Vanquished Creatures
  Natasha (D:2)
  An adder (D:2)
  A dart slug (D:1)
  A worm (D:2)
  A leopard gecko (D:1)
  2 ball pythons
  3 giant cockroaches
  4 goblins
  2 hobgoblins
  3 jackals (D:1)
  7 kobolds
  A quokka (D:2)
  8 bats
  3 frilled lizards
  4 rats
42 creatures vanquished.

Notes
Turn   | Place    | Note
-------+----------+-------------------------------------------
     0 | D:1      | mobtown the Deep Elf Necromancer began the quest for the
                  | Orb.
     0 | D:1      | Reached XP level 1. HP: 10/10 MP: 6/6
    65 | D:1      | Reached skill level 5 in Necromancy
   500 | D:1      | Reached XP level 2. HP: 15/15 MP: 6/8
   962 | D:1      | Upgraded the game from 0.27-a0-291-gd9602db6ee to
                  | 0.27-a0-334-g52645efa06
  1341 | D:1      | Reached XP level 3. HP: 17/19 MP: 7/10
  1343 | D:1      | Learned a level 1 spell: Animate Skeleton
  1347 | D:1      | Learned a level 3 spell: Vampiric Draining
  2078 | D:2      | Found a basalt altar of Yredelemnul.
  2088 | D:2      | Noticed Natasha
  2094 | D:2      | Killed Natasha
  2325 | D:2      | Found a faded altar of an unknown god.
  2335 | D:2      | Reached skill level 6 in Necromancy
  2335 | D:2      | Reached XP level 4. HP: 19/24 MP: 7/12
  2749 | D:2      | Noticed Natasha
  2761 | D:2      | Killed from afar by Natasha

Illustrated notes

Levels and vault maps discovered:
D:1:      lightli_molten_gateway, layout_basic, solitary_fountain,
          nrook_mini_backslash, amcnicky_mini_pool_small
D:2:      layout_rooms, general_overflow_altar,
          chequers_ecumenical_altar_simple, uniq_natasha

Skill      XL: |  1  2  3 |
---------------+----------+-----
Necromancy     | 5 6 |  6.1
Spellcasting   | 4 |  4.2
Dodging        | |  2.7
Stealth        | |  2.5

Action                   |  1- 3 |  4- 6 || total
-------------------------+-------+-------++-------
Melee: Dagger            |     2 |    11 ||    13
 Cast: Pain              |    66 |     8 ||    74
       Vampiric Draining |     1 |       ||     1
  Use: Potion            |     1 |       ||     1
 Stab: Sleeping          |       |     2 ||     2
Armor: Robe              |       |     4 ||     4
Dodge: Dodged            |    18 |     4 ||    22

Table legend: (Time is in decaauts)
 A = Elapsed time spent in this place.
 B = Non-inter-level travel time spent in this place.
 C = Inter-level travel time spent in this place.
 D = Time resting spent in this place.
 E = Time spent auto-exploring this place.
 F = Levels seen in this place.
 G = Mean time per level.
                   A        B        C        D        E       F      G
               +--------+--------+--------+--------+--------+-----+--------+
         Total |   2759 |   2759 |      0 |    888 |   1506 |   2 | 1379.5 |
       Dungeon |   2759 |   2759 |      0 |    888 |   1506 |   2 | 1379.5 |
               +--------+--------+--------+--------+--------+-----+--------+

Top non-repeatable levels by time:
     D:1: 1965 daAuts
     D:2: 794 daAuts
